 Dungeon Crawl Stone Soup version 0.18.1-48-g4cf74bf (webtiles) character file.

38 davems the Shooter (level 3, -1/35 HPs)
             Began as a Troll Hunter on Sept 7, 2016.
             Slain by an adder (3 damage)
             ... on level 3 of the Dungeon.
             The game lasted 00:11:44 (1132 turns).

davems the Shooter (Troll Hunter)                   Turns: 1132, Time: 00:11:45

Health: -1/35      AC:  5    Str: 25    XL:     3   Next: 25%
Magic:  2/2        EV: 10    Int:  7    God:
Gold:   55         SH:  0    Dex: 11    Spells: 0 memorised, 2 levels left

rFire  . . .     SeeInvis .     b - +0 short sword
rCold  . . .     Gourm    +     c - +0 robe
rNeg   . . .     Faith    .     (no shield)
rPois  .         Spirit   .     (helmet restricted)
rElec  .         Dismiss  .     (no cloak)
rCorr  .         Reflect  .     (gloves unavailable)
SustAt .         Harm     .     (boots unavailable)
MR     .....                    (no amulet)
Stlth  +.........               (no ring)
                                (no ring)

@: mighty, slowed, very slow, not resistant to hostile enchantments, very
unstealthy
A: unfitting armour, claws 3, fast metabolism 3, gourmand, regeneration 2,
shaggy fur 1, tough skin 2
a: no special abilities


You were on level 3 of the Dungeon.
You were not hungry.

You visited 1 branch of the dungeon, and saw 3 of its levels.

You collected 55 gold pieces.

Inventory:

Hand Weapons
 a - a +1 shortbow
 b - a +0 short sword (weapon)
 j - a +0 club
 n - a +0 club
 o - a +0 short sword
 s - a +0 club
 t - a +0 whip
 y - a +0 hunting sling
 D - a +0 dagger
Missiles
 d - 25 arrows
 e - 37 stones (quivered)
 A - a throwing net
 B - 40 bolts
Armour
 c - a +0 robe (worn)
 q - a cursed +0 robe
 x - a +1 cloak
Scrolls
 m - a scroll of enchant weapon {unknown}
 p - 2 scrolls of teleportation {unknown}
 r - a scroll of remove curse {unknown}
 w - a scroll of identify {unknown}
 C - a scroll of immolation {unknown}
Potions
 h - a potion of resistance {unknown}
 v - a potion of berserk rage {unknown}
 z - a potion of invisibility {unknown}
Comestibles
 f - 4 bread rations
 k - 2 beef jerkies
 l - 5 fruits


   Skills:
 + Level 1.7 Fighting
 + Level 3.1 Bows
 + Level 2.1 Dodging
 + Level 0.7 Stealth


You had 2 spell levels left.
You didn't know any spells.

Dungeon Overview and Level Annotations

Branches:
Dungeon (3/15)

Altars:


Innate Abilities, Weirdness & Mutations

You are too large for most types of armour.
You have claws for hands.
Your metabolism is lightning-fast.
You like to eat raw meat.
You heal very quickly.
You are covered in fur (AC +1).
You have very tough skin (AC +2).


Message History

The orc hits you but does no damage.
As you read the scroll labeled ANE ETSOGEURY, it crumbles to dust.
You hear a very strange noise.
It was a scroll of random uselessness.
You feel sick. The orc wizard barely misses you. The adder bites you.
* * * LOW HITPOINT WARNING * * *
The orc hits you but does no damage.
The orc wizard hits you but does no damage.
The adder closely misses you. The orc closely misses you. x2
The orc misses you.
It was a potion of curing.
You feel better.
The orc wizard hits you but does no damage.
The adder bites you. The orc barely misses you.
The orc hits you with a short sword.
* * * LOW HITPOINT WARNING * * *
The orc wizard gestures at you while chanting.
The magic dart hits you!
* * * LOW HITPOINT WARNING * * *
The adder bites you.
You die...

#.............#
#...#####...##( # #...#
#...# # ####. #...###
#...# .....#####.....#
#...###
.............#.###.....#
......>............###.#
......oSo........#.# .#
......o@...#.#.#.#.# #
.......)o#.#.....#..
...........(........#
....[...##.#..##.#...
......$.##............
#############.#####.#.
.# ....


You could see an orc wizard, an adder and 3 orcs.

Vanquished Creatures
  2 dart slugs
  A giant gecko (D:1)
  An orc (D:3)
  2 giant cockroaches
  3 goblins
  3 hobgoblins
  6 jackals
  A ball python (D:2)
  2 bats (D:1)
  4 kobolds
  2 rats
27 creatures vanquished.

Notes
Turn   | Place    | Note
--------------------------------------------------------------
     0 | D:1      | davems the Troll Hunter began the quest for the Orb.
     0 | D:1      | Reached XP level 1. HP: 19/19 MP: 0/0
   420 | D:1      | Reached XP level 2. HP: 27/27 MP: 1/1
   585 | D:2      | Reached skill level 3 in Bows
  1057 | D:3      | Reached XP level 3. HP: 35/35 MP: 2/2
  1132 | D:3      | Slain by an adder

Skill      XL: |  1  2 |
---------------+-------+-----
Bows           | 3 |  3.1
Dodging        | 2 |  2.1
Fighting       | |  1.7
Stealth        | |  0.7

Action                   || total
-------------------------++-------
Melee: Short sword       ||    47
       Whip              ||    19
 Fire: Shortbow          ||    21
  Use: Potion            ||     2
       Scroll            ||     1
  Eat: Bread ration      ||     2
Armor: Robe              ||    53
Dodge: Dodged            ||    68
